 Dungeon Crawl Stone Soup version 0.20.1-1-g8b1a95d (webtiles) character file.

44 renl the Conjurer (level 3, 0/26 HPs)
             Began as a Draconian Conjurer on Aug 7, 2017.
             Killed from afar by Sigmund (9 damage)
             ... with a magic dart
             ... on level 2 of the Dungeon.
             The game lasted 00:05:43 (1367 turns).

renl the Conjurer (Draconian Conjurer)              Turns: 1367, Time: 00:05:43

Health: 0/26       AC:  6    Str: 10    XL:     3   Next: 41%
Magic:  0/6        EV: 12    Int: 16    God:
Gold:   67         SH:  0    Dex: 11    Spells: 3/6 levels left

rFire    . . .     SeeInvis .   (no weapon)
rCold    . . .     Gourm    .   (no shield)
rNeg     . . .     Faith    .   (armour unavailable)
rPois    .         Spirit   .   (helmet restricted)
rElec    .         Reflect  .   (no cloak)
rCorr    .         Harm     .   i - +0 pair of gloves
MR       .....                  (no boots)
Stlth    +++.......             (no amulet)
Regen    0.1/turn               g - ring of stealth
MPRegen  0.1/turn               (no ring)

@: no status effects
A: unfitting armour, cold-blooded, AC +5
a: no special abilities


You were on level 2 of the Dungeon.
You were hungry.

You visited 1 branch of the dungeon, and saw 2 of its levels.

You collected 67 gold pieces.

Inventory:

Armour
 i - a +0 pair of gloves (worn)
Jewellery
 g - a ring of stealth (left hand)
Scrolls
 d - a scroll of blinking {unknown}
 e - a scroll of enchant weapon {unknown}
 j - a scroll of fog {unknown}
 k - a scroll of magic mapping {unknown}
 n - a scroll of remove curse {unknown}
Potions
 c - 2 potions of haste {unknown}
 h - 3 potions of heal wounds {unknown}
 m - 2 potions of might {unknown}
Books
 a - a book of Conjurations

   Spells                             Type                      Level
   a - Magic Dart                     Conjuration                  1
   b - Searing Ray                    Conjuration                  2
   c - Dazzling Spray                 Conjuration/Hexes            3
   d - Fulminant Prism                Conjuration/Hexes            4
   e - Force Lance                    Conjuration/Translocation    4
   f - Iskenderun's Mystic Blast      Conjuration                  4
Comestibles
 b - a bread ration
 f - a chunk of flesh
 l - 8 fruits


   Skills:
 - Level 1.7 Dodging
 - Level 1.7 Stealth
 - Level 2.0 Spellcasting
 + Level 5.2 Conjurations


You had 3 spell levels left.
You knew the following spells:

 Your Spells              Type           Power        Failure   Level  Hunger
a - Magic Dart            Conj           ###.         2%          1    #......
b - Searing Ray           Conj           ###...       3%          2    ###....


Dungeon Overview and Level Annotations

Branches:
Dungeon (2/15)

Altars:

Annotations:
D:2 Sigmund


Innate Abilities, Weirdness & Mutations

Your plain brown scales are hard. (AC +5)
You cannot fit into any form of body armour.
You are cold-blooded and may be slowed by cold attacks.


Message History

Press: ? - help, Shift-Dir - straight line, f - Sigmund
Aim: Sigmund, wielding an enchanted scythe and wearing a robe The searing ray hits Sigmund.
Sigmund is lightly wounded. (Press . to maintain the ray.)
You are feeling hungry.
The searing ray misses Sigmund.
Sigmund hits you from afar with an enchanted scythe.
The searing ray hits Sigmund.
Sigmund is lightly wounded.
The searing ray hits Sigmund.
Sigmund is moderately wounded.
You finish channeling your searing ray.
Sigmund hits you from afar with an enchanted scythe.
Sigmund casts a spell at you. You resist with significant effort.
Sigmund whispers, "You'll know eternity soon."
Sigmund casts a spell at you. The magic dart hits you!
You die...

#..#
#...................
#..###.#...###.#.#
#..##. #.#...#....#
... #..##.
#.##.##....##...
#.....
#.##............
#...#.
##.##............
#<..##
#.....<.........
#.....
#).#####....##.
#.#.## #..#####.@.##
#.#.## #..........#
#.#... #.########.#
...### #.# .#. . #@#
#... # #.# ##.# #.#
#.# #..


You could see Sigmund.

Vanquished Creatures
  An ooze (D:1)
  2 dart slugs (D:1)
  A leopard gecko (D:1)
  A giant cockroach (D:1)
  5 goblins
  3 hobgoblins
  2 jackals (D:2)
  7 bats (D:1)
  3 kobolds
  7 rats (D:1)
32 creatures vanquished.

Notes
Turn   | Place    | Note
-------+----------+-------------------------------------------
     0 | D:1      | renl the Draconian Conjurer began the quest for the Orb.
     0 | D:1      | Reached XP level 1. HP: 14/14 MP: 3/3
   347 | D:1      | Reached XP level 2. HP: 17/20 MP: 1/5
   351 | D:1      | Learned a level 2 spell: Searing Ray
   842 | D:1      | Reached skill level 5 in Conjurations
   842 | D:1      | Reached XP level 3. HP: 25/26 MP: 4/6
  1358 | D:2      | Noticed Sigmund
  1367 | D:2      | Killed from afar by Sigmund

Skill      XL: |  1  2 |
---------------+-------+-----
Conjurations   | 5 |  5.2
Dodging        | |  1.7
Stealth        | |  1.7
Spellcasting   | |  2.0

Action                   || total
-------------------------++-------
Melee: Unarmed           ||   135
       Tailslap          ||    11
 Cast: Magic Dart        ||    34
       Searing Ray       ||     1
 Stab: Sleeping          ||     5
  Eat: Chunk             ||     2
Armor: Skin              ||    78
Dodge: Dodged            ||   114
